 Dungeon Crawl Stone Soup version 0.31-a0-222-gefeffbb62a (webtiles) character file.

Game seed: 3841738971448015636

119 Maxmaps the Trooper (level 4, -1/38 HPs)
             Began as a Demonspawn Reaver on July 6, 2023.
             Slain by a river rat (3 damage)
             ... on level 3 of the Dungeon.
             The game lasted 00:01:59 (1696 turns).

Maxmaps the Trooper (Demonspawn Reaver)             Turns: 1696, Time: 00:01:59

Health: -1/38      AC:  5    Str: 12    XL:     4   Next: 73%
Magic:  7/7        EV: 11    Int: 16    God:
Gold:   155        SH:  0    Dex: 12    Spells: 6/7 levels left

rFire   . . .        a - +0 spear
rCold   . . .        (no shield)
rNeg    . . .        i - +2 leather armour {Will+}
rPois   .            (no helmet)
rElec   .            (no cloak)
rCorr   .            (no gloves)
SInv    .            (no boots)
Will    +....        f - amulet of the acrobat
Stlth   +            (no ring)
HPRegen 0.26/turn    (no ring)
MPRegen 0.10/turn

%: acrobat
@: mighty, very slow
A: spiny 1
a: no special abilities


You were on level 3 of the Dungeon.
You visited 1 branch of the dungeon, and saw 3 of its levels.

You collected 155 gold pieces.

Inventory:

Hand Weapons
 a - a +0 spear (weapon)
Armour
 b - a +0 leather armour
 i - a +2 leather armour of willpower (worn)
Jewellery
 f - an amulet of the acrobat (around neck)
Wands
 e - a wand of roots (5)
Scrolls
 c - a scroll of identify
 j - a scroll of vulnerability
Potions
 g - a potion of degeneration {unknown}
 h - a potion of invisibility {unknown}
 k - a potion of might
 l - 2 potions of enlightenment


   Skills:
 + Level 4.6 Fighting
 - Level 3.2 Polearms
 - Level 1.7 Dodging
 - Level 2.0 Spellcasting
 - Level 3.0 Conjurations


You had 6 spell levels left.
You knew the following spells:

 Your Spells              Type           Power      Damage    Failure   Level
a - Kiss of Death         Conj/Necr      24%        2d7       14%         1

Your spell library contained the following spells:

 Spells                   Type           Power      Damage    Failure   Level
 Momentum Strike          Conj/Tloc      12%        3d8       22%         2
 Sting                    Tmut/Pois      4%         1d3       26%         1
 Cigotuvi's Dreadful Rot  Necr/Pois/Air  2%         N/A       36%         2
 Poisonous Vapours        Pois/Air       2%         N/A       36%         2
 Hailstorm                Conj/Ice       6%         3d4       38%         3
 Ignite Poison            Fire/Tmut/Pois 1%         N/A       61%         3
 Olgreb's Toxic Radiance  Pois           1%         N/A       95%         4
 Freezing Cloud           Conj/Ice/Air   2%         6-21      99%         5


Dungeon Overview and Level Annotations

Branches:
Dungeon (3/15)

Altars:

Shops:
D:1 :

Portals:
Sewer: D:3


Innate Abilities, Weirdness & Mutations

You are partially covered in sharp spines.


Message History

You now have 155 gold pieces (gained 13).
You enter the shallow water.
Moving in this stuff is going to be slow.
As you open the door, it creaks loudly! 2 river rats come into view.
Found a glowing drain.
Your unstable footing causes you to fumble your attack.
The river rat is struck by your spines. The river rat misses you.
Your unstable footing causes you to fumble your attack.
You hit the river rat but do no damage.
The river rat is moderately wounded.
You hit the river rat.
The river rat is lightly wounded.
You hear the rusting of a drain.
The river rat bites you! The river rat bites you.
You barely miss the river rat.
The river rat is lightly wounded.
The river rat bites you. x2
You puncture the river rat!
The river rat is severely wounded.
The river rat bites you!
* * * LOW HITPOINT WARNING * * *
The river rat barely misses you.
Unknown command.
You closely miss the river rat.
The river rat is severely wounded.
The river rat bites you!
* * * LOW HITPOINT WARNING * * *
The river rat barely misses you.
Unknown command.
Okay, then.
You hit the river rat.
The river rat is almost dead.
The river rat bites you.
* * * LOW HITPOINT WARNING * * *
The river rat closely misses you.
You hit the river rat.
You kill the river rat!
The river rat bites you.
You die...

#####..#
###.....##
###...#####
##...###
######..###
#........#
#~~......#
#~~~.~...#
#~@r~†...#
##†##~...#
~~~#~~~.#
#~∩~#~~..#
#~~~+~.~.#
##########


You could see a river rat.

Vanquished Creatures
  5 adders
  4 river rats (D:3)
  2 worms (D:2)
  A dart slug (D:1)
  An orc (D:3)
  3 ball pythons
  An endoplasm (D:3)
  A goblin (D:1)
  A hobgoblin (D:1)
  4 jackals (D:3)
  4 quokkas
  2 bats
  4 frilled lizards
  3 kobolds
  10 rats
46 creatures vanquished.

Notes
Turn   | Place    | Note
-------+----------+-------------------------------------------
     0 | D:1      | Maxmaps the Demonspawn Reaver began the quest for the Orb.
     0 | D:1      | Reached XP level 1. HP: 16/16 MP: 3/3
   280 | D:1      | Gained mutation: You are partially covered in sharp spines.
                  | [demonic ancestry]
   280 | D:1      | Reached XP level 2. HP: 22/22 MP: 5/5
   449 | D:1      | Found Siz Notz's Book Boutique.
   858 | D:2      | Reached XP level 3. HP: 28/28 MP: 6/6
   876 | D:2      | Reached skill level 3 in Fighting
  1407 | D:3      | Reached XP level 4. HP: 37/37 MP: 7/7
  1422 | D:3      | Reached skill level 4 in Fighting
  1480 | D:3      | Found a faded altar of an unknown god.
  1687 | D:3      | Found a glowing drain.
  1695 | D:3      | HP: 1/38 [river rat (2)]
  1696 | D:3      | Slain by a river rat

Illustrated notes

Levels and vault maps discovered:
D:1:      amcnicky_arrival_flooded_fountain, layout_basic, serial_shops, shop,
          minmay_misc_feat_chi
D:2:      layout_loops_cross, minmay_pentomino_z2
D:3:      layout_rooms, portal_sewer_entry_e,
          shapermc_ecumenical_altar_hornbeckon, minmay_misc_feat_encased,
          serial_bayou_pond_e, minivault_26,
          hangedman_abyss_or_decor_lesser_grid

Skill      XL: |  1  2  3  4 |
---------------+-------------+-----
Polearms       | 3 |  3.2
Fighting       | 3 4 |  4.6
Dodging        | |  1.7
Spellcasting   | |  2.0
Conjurations   | |  3.0

Action                     |  1- 3 |  4- 6 || total
---------------------------+-------+-------++-------
  Melee: Spear             |    82 |    66 ||   148
         Punch             |     1 |       ||     1
    Use: Scroll            |     4 |       ||     4
         Potion            |       |     2 ||     2
   Stab: Sleeping          |       |     1 ||     1
 Armour: Leather armour    |    11 |     7 ||    18
  Dodge: Dodged            |    28 |    29 ||    57

Table legend: (Time is in decaauts)
 A = Elapsed time spent in this place.
 B = Non-inter-level travel time spent in this place.
 C = Inter-level travel time spent in this place.
 D = Time resting spent in this place.
 E = Time spent auto-exploring this place.
 F = Levels seen in this place.
 G = Mean time per level.
                   A        B        C        D        E       F      G
               +--------+--------+--------+--------+--------+-----+--------+
         Total |   1696 |   1586 |    110 |      0 |   1228 |   3 |  565.3 |
       Dungeon |   1696 |   1586 |    110 |      0 |   1228 |   3 |  565.3 |
               +--------+--------+--------+--------+--------+-----+--------+

Top non-repeatable levels by time:
     D:1: 708 daAuts
     D:2: 681 daAuts
     D:3: 306 daAuts
